Workbook

Sheet BANDO N. 3090 A-T 2020
A1: ANAGRAFICA ORGANISMO DI CONSULENZA | F1: ANAGRAFICA AZIENDA | M1: SEDI OPERATIVE ORGANISMO DI CONSULENZA | S1: ATTIVITA' DI SUPPORTO | AF1: CONSULENTE INCARICATO
A2: LOTTO | B2: Denominazione Organismo di Consulenza | C2: C.F. | D2: PARTITA IVA | E2: TIPOLOGIA ORGANISMO DI CONSULENZA (riconosciuto) | F2: DENOMINAZIONE AZIENDA | G2: RAGIONE SOCIALE | H2: CUAA | I2: MANIFESTAZIONE D'INTERSSE | J2: TIPOLOGIA DI AZIENDA | K2: In caso di Azienda appartenente alla Filiera del Turismo Rurale e dell’Artigianato Artistico SPECIFICARE "ALTRO" | L2: MACRO-AREA | M2: SEDE OPERATIVA DELL'ORGANISMO DI CONSULENZA - AV | N2: SEDE OPERATIVA DELL'ORGANISMO DI CONSULENZA - BN | O2: SEDE OPERATIVA DELL'ORGANISMO DI CONSULENZA - CE | P2: SEDE OPERATIVA DELL'ORGANISMO DI CONSULENZA - NA | Q2: SEDE OPERATIVA DELL'ORGANISMO DI CONSULENZA - SA | R2: MODULO | S2: DETERMINAZIONI ANALITICHE, TECNICHE ED ECONOMICHE | T2: Specificare ALTRO | U2: NUMERO VISITE AZIENDALI | V2: SUPPORTI E STRUMENTI INFORMATICI | W2: STRUMENTI PER MONITORARE LA QUALITA' | X2: NEWSLETTER, BLOG, FORUM, COMMUNITY, FAQ, CHAT | Y2: COSTO unitario consulenze singole | Z2: ANNO di riferimento della consulenza | AA2: CONSULENZA COLLETTIVA | AB2: COSTO unitario consulenza collettiva | AC2: FOCUS AREA | AD2: FABBISOGNO PREVALENTE | AE2: TARGETING | AF2: COGNOME | AG2: NOME | AH2: C.F. Consulenti | AI2: RICONOSCIUTO | AJ2: AMBITO DI CONSULENZA | AK2: ANNI DI ESPERIENZA | AL2: TITOLO DI STUDIO | AM2: SECONDA LAUREA | AN2: NUMERO CORSI DI AGGIORNAMENTO | AO2: NUMERO DI PUBBLICAZIONI | AP2: RISPONDENZA AGLI OBIETTIVI TRASVERSALI
Y3: =IF($R3<>0,VLOOKUP($R3,Repertorio!$A$2:$M$85,11),"") | AC3: =IF($R3<>0,VLOOKUP($R3,Repertorio!$A$2:$M$85,8),"") | AD3: =IF($R3<>0,VLOOKUP($R3,Repertorio!$A$2:$M$85,10),"") | AJ3: =IF($R3<>0,VLOOKUP($R3,Repertorio!$A$2:$M$85,7),"")
B4: =+IF($A4<>"",B$3,"") | C4: =+IF($A4<>"",C$3,"") | D4: =+IF($A4<>"",D$3,"") | Y4: =IF($R4<>0,VLOOKUP($R4,Repertorio!$A$2:$M$85,11),"") | AC4: =IF($R4<>0,VLOOKUP($R4,Repertorio!$A$2:$M$85,8),"") | AD4: =IF($R4<>0,VLOOKUP($R4,Repertorio!$A$2:$M$85,10),"") | AJ4: =IF($R4<>0,VLOOKUP($R4,Repertorio!$A$2:$M$85,7),"")
B5: =+IF($A5<>"",B$3,"") | C5: =+IF($A5<>"",C$3,"") | D5: =+IF($A5<>"",D$3,"") | Y5: =IF($R5<>0,VLOOKUP($R5,Repertorio!$A$2:$M$85,11),"") | AC5: =IF($R5<>0,VLOOKUP($R5,Repertorio!$A$2:$M$85,8),"") | AD5: =IF($R5<>0,VLOOKUP($R5,Repertorio!$A$2:$M$85,10),"") | AJ5: =IF($R5<>0,VLOOKUP($R5,Repertorio!$A$2:$M$85,7),"")
B6: =+IF($A6<>"",B$3,"") | C6: =+IF($A6<>"",C$3,"") | D6: =+IF($A6<>"",D$3,"") | Y6: =IF($R6<>0,VLOOKUP($R6,Repertorio!$A$2:$M$85,11),"") | AC6: =IF($R6<>0,VLOOKUP($R6,Repertorio!$A$2:$M$85,8),"") | AD6: =IF($R6<>0,VLOOKUP($R6,Repertorio!$A$2:$M$85,10),"") | AJ6: =IF($R6<>0,VLOOKUP($R6,Repertorio!$A$2:$M$85,7),"")
B7: =+IF($A7<>"",B$3,"") | C7: =+IF($A7<>"",C$3,"") | D7: =+IF($A7<>"",D$3,"") | Y7: =IF($R7<>0,VLOOKUP($R7,Repertorio!$A$2:$M$85,11),"") | AC7: =IF($R7<>0,VLOOKUP($R7,Repertorio!$A$2:$M$85,8),"") | AD7: =IF($R7<>0,VLOOKUP($R7,Repertorio!$A$2:$M$85,10),"") | AJ7: =IF($R7<>0,VLOOKUP($R7,Repertorio!$A$2:$M$85,7),"")
B8: =+IF($A8<>"",B$3,"") | C8: =+IF($A8<>"",C$3,"") | D8: =+IF($A8<>"",D$3,"") | Y8: =IF($R8<>0,VLOOKUP($R8,Repertorio!$A$2:$M$85,11),"") | AC8: =IF($R8<>0,VLOOKUP($R8,Repertorio!$A$2:$M$85,8),"") | AD8: =IF($R8<>0,VLOOKUP($R8,Repertorio!$A$2:$M$85,10),"") | AJ8: =IF($R8<>0,VLOOKUP($R8,Repertorio!$A$2:$M$85,7),"")
B9: =+IF($A9<>"",B$3,"") | C9: =+IF($A9<>"",C$3,"") | D9: =+IF($A9<>"",D$3,"") | Y9: =IF($R9<>0,VLOOKUP($R9,Repertorio!$A$2:$M$85,11),"") | AC9: =IF($R9<>0,VLOOKUP($R9,Repertorio!$A$2:$M$85,8),"") | AD9: =IF($R9<>0,VLOOKUP($R9,Repertorio!$A$2:$M$85,10),"") | AJ9: =IF($R9<>0,VLOOKUP($R9,Repertorio!$A$2:$M$85,7),"")
B10: =+IF($A10<>"",B$3,"") | C10: =+IF($A10<>"",C$3,"") | D10: =+IF($A10<>"",D$3,"") | Y10: =IF($R10<>0,VLOOKUP($R10,Repertorio!$A$2:$M$85,11),"") | AC10: =IF($R10<>0,VLOOKUP($R10,Repertorio!$A$2:$M$85,8),"") | AD10: =IF($R10<>0,VLOOKUP($R10,Repertorio!$A$2:$M$85,10),"") | AJ10: =IF($R10<>0,VLOOKUP($R10,Repertorio!$A$2:$M$85,7),"")
B11: =+IF($A11<>"",B$3,"") | C11: =+IF($A11<>"",C$3,"") | D11: =+IF($A11<>"",D$3,"") | Y11: =IF($R11<>0,VLOOKUP($R11,Repertorio!$A$2:$M$85,11),"") | AC11: =IF($R11<>0,VLOOKUP($R11,Repertorio!$A$2:$M$85,8),"") | AD11: =IF($R11<>0,VLOOKUP($R11,Repertorio!$A$2:$M$85,10),"") | AJ11: =IF($R11<>0,VLOOKUP($R11,Repertorio!$A$2:$M$85,7),"")
B12: =+IF($A12<>"",B$3,"") | C12: =+IF($A12<>"",C$3,"") | D12: =+IF($A12<>"",D$3,"") | Y12: =IF($R12<>0,VLOOKUP($R12,Repertorio!$A$2:$M$85,11),"") | AC12: =IF($R12<>0,VLOOKUP($R12,Repertorio!$A$2:$M$85,8),"") | AD12: =IF($R12<>0,VLOOKUP($R12,Repertorio!$A$2:$M$85,10),"") | AJ12: =IF($R12<>0,VLOOKUP($R12,Repertorio!$A$2:$M$85,7),"")
B13: =+IF($A13<>"",B$3,"") | C13: =+IF($A13<>"",C$3,"") | D13: =+IF($A13<>"",D$3,"") | K13: =+IF(J13<>"C9. Altro","","Valorizzare") | Y13: =IF($R13<>0,VLOOKUP($R13,Repertorio!$A$2:$M$85,11),"") | AC13: =IF($R13<>0,VLOOKUP($R13,Repertorio!$A$2:$M$85,8),"") | AD13: =IF($R13<>0,VLOOKUP($R13,Repertorio!$A$2:$M$85,10),"") | AJ13: =IF($R13<>0,VLOOKUP($R13,Repertorio!$A$2:$M$85,7),"")
B14: =+IF($A14<>"",B$3,"") | C14: =+IF($A14<>"",C$3,"") | D14: =+IF($A14<>"",D$3,"") | K14: =+IF(J14<>"C9. Altro","","Valorizzare") | Y14: =IF($R14<>0,VLOOKUP($R14,Repertorio!$A$2:$M$85,11),"") | AC14: =IF($R14<>0,VLOOKUP($R14,Repertorio!$A$2:$M$85,8),"") | AD14: =IF($R14<>0,VLOOKUP($R14,Repertorio!$A$2:$M$85,10),"") | AJ14: =IF($R14<>0,VLOOKUP($R14,Repertorio!$A$2:$M$85,7),"")
B15: =+IF($A15<>"",B$3,"") | C15: =+IF($A15<>"",C$3,"") | D15: =+IF($A15<>"",D$3,"") | K15: =+IF(J15<>"C9. Altro","","Valorizzare") | Y15: =IF($R15<>0,VLOOKUP($R15,Repertorio!$A$2:$M$85,11),"") | AC15: =IF($R15<>0,VLOOKUP($R15,Repertorio!$A$2:$M$85,8),"") | AD15: =IF($R15<>0,VLOOKUP($R15,Repertorio!$A$2:$M$85,10),"") | AJ15: =IF($R15<>0,VLOOKUP($R15,Repertorio!$A$2:$M$85,7),"")
B16: =+IF($A16<>"",B$3,"") | C16: =+IF($A16<>"",C$3,"") | D16: =+IF($A16<>"",D$3,"") | K16: =+IF(J16<>"C9. Altro","","Valorizzare") | Y16: =IF($R16<>0,VLOOKUP($R16,Repertorio!$A$2:$M$85,11),"") | AC16: =IF($R16<>0,VLOOKUP($R16,Repertorio!$A$2:$M$85,8),"") | AD16: =IF($R16<>0,VLOOKUP($R16,Repertorio!$A$2:$M$85,10),"") | AJ16: =IF($R16<>0,VLOOKUP($R16,Repertorio!$A$2:$M$85,7),"")
B17: =+IF($A17<>"",B$3,"") | C17: =+IF($A17<>"",C$3,"") | D17: =+IF($A17<>"",D$3,"") | K17: =+IF(J17<>"C9. Altro","","Valorizzare") | Y17: =IF($R17<>0,VLOOKUP($R17,Repertorio!$A$2:$M$85,11),"") | AC17: =IF($R17<>0,VLOOKUP($R17,Repertorio!$A$2:$M$85,8),"") | AD17: =IF($R17<>0,VLOOKUP($R17,Repertorio!$A$2:$M$85,10),"") | AJ17: =IF($R17<>0,VLOOKUP($R17,Repertorio!$A$2:$M$85,7),"")
B18: =+IF($A18<>"",B$3,"") | C18: =+IF($A18<>"",C$3,"") | D18: =+IF($A18<>"",D$3,"") | K18: =+IF(J18<>"C9. Altro","","Valorizzare") | Y18: =IF($R18<>0,VLOOKUP($R18,Repertorio!$A$2:$M$85,11),"") | AC18: =IF($R18<>0,VLOOKUP($R18,Repertorio!$A$2:$M$85,8),"") | AD18: =IF($R18<>0,VLOOKUP($R18,Repertorio!$A$2:$M$85,10),"") | AJ18: =IF($R18<>0,VLOOKUP($R18,Repertorio!$A$2:$M$85,7),"")
B19: =+IF($A19<>"",B$3,"") | C19: =+IF($A19<>"",C$3,"") | D19: =+IF($A19<>"",D$3,"") | K19: =+IF(J19<>"C9. Altro","","Valorizzare") | Y19: =IF($R19<>0,VLOOKUP($R19,Repertorio!$A$2:$M$85,11),"") | AC19: =IF($R19<>0,VLOOKUP($R19,Repertorio!$A$2:$M$85,8),"") | AD19: =IF($R19<>0,VLOOKUP($R19,Repertorio!$A$2:$M$85,10),"") | AJ19: =IF($R19<>0,VLOOKUP($R19,Repertorio!$A$2:$M$85,7),"")
B20: =+IF($A20<>"",B$3,"") | C20: =+IF($A20<>"",C$3,"") | D20: =+IF($A20<>"",D$3,"") | K20: =+IF(J20<>"C9. Altro","","Valorizzare") | Y20: =IF($R20<>0,VLOOKUP($R20,Repertorio!$A$2:$M$85,11),"") | AC20: =IF($R20<>0,VLOOKUP($R20,Repertorio!$A$2:$M$85,8),"") | AD20: =IF($R20<>0,VLOOKUP($R20,Repertorio!$A$2:$M$85,10),"") | AJ20: =IF($R20<>0,VLOOKUP($R20,Repertorio!$A$2:$M$85,7),"")
B21: =+IF($A21<>"",B$3,"") | C21: =+IF($A21<>"",C$3,"") | D21: =+IF($A21<>"",D$3,"") | K21: =+IF(J21<>"C9. Altro","","Valorizzare") | Y21: =IF($R21<>0,VLOOKUP($R21,Repertorio!$A$2:$M$85,11),"") | AC21: =IF($R21<>0,VLOOKUP($R21,Repertorio!$A$2:$M$85,8),"") | AD21: =IF($R21<>0,VLOOKUP($R21,Repertorio!$A$2:$M$85,10),"") | AJ21: =IF($R21<>0,VLOOKUP($R21,Repertorio!$A$2:$M$85,7),"")
B22: =+IF($A22<>"",B$3,"") | C22: =+IF($A22<>"",C$3,"") | D22: =+IF($A22<>"",D$3,"") | K22: =+IF(J22<>"C9. Altro","","Valorizzare") | Y22: =IF($R22<>0,VLOOKUP($R22,Repertorio!$A$2:$M$85,11),"") | AC22: =IF($R22<>0,VLOOKUP($R22,Repertorio!$A$2:$M$85,8),"") | AD22: =IF($R22<>0,VLOOKUP($R22,Repertorio!$A$2:$M$85,10),"") | AJ22: =IF($R22<>0,VLOOKUP($R22,Repertorio!$A$2:$M$85,7),"")
B23: =+IF($A23<>"",B$3,"") | C23: =+IF($A23<>"",C$3,"") | D23: =+IF($A23<>"",D$3,"") | K23: =+IF(J23<>"C9. Altro","","Valorizzare") | Y23: =IF($R23<>0,VLOOKUP($R23,Repertorio!$A$2:$M$85,11),"") | AC23: =IF($R23<>0,VLOOKUP($R23,Repertorio!$A$2:$M$85,8),"") | AD23: =IF($R23<>0,VLOOKUP($R23,Repertorio!$A$2:$M$85,10),"") | AJ23: =IF($R23<>0,VLOOKUP($R23,Repertorio!$A$2:$M$85,7),"")
B24: =+IF($A24<>"",B$3,"") | C24: =+IF($A24<>"",C$3,"") | D24: =+IF($A24<>"",D$3,"") | K24: =+IF(J24<>"C9. Altro","","Valorizzare") | Y24: =IF($R24<>0,VLOOKUP($R24,Repertorio!$A$2:$M$85,11),"") | AC24: =IF($R24<>0,VLOOKUP($R24,Repertorio!$A$2:$M$85,8),"") | AD24: =IF($R24<>0,VLOOKUP($R24,Repertorio!$A$2:$M$85,10),"") | AJ24: =IF($R24<>0,VLOOKUP($R24,Repertorio!$A$2:$M$85,7),"")
... B299: =+IF($A299<>"",B$3,"") | C299: =+IF($A299<>"",C$3,"") | D299: =+IF($A299<>"",D$3,"") | K299: =+IF(J299<>"C9. Altro","","Valorizzare") | Y299: =IF($R299<>0,VLOOKUP($R299,Repertorio!$A$2:$M$85,11),"") | AC299: =IF($R299<>0,VLOOKUP($R299,Repertorio!$A$2:$M$85,8),"") | AD299: =IF($R299<>0,VLOOKUP($R299,Repertorio!$A$2:$M$85,10),"") | AJ299: =IF($R299<>0,VLOOKUP($R299,Repertorio!$A$2:$M$85,7),"")

Sheet Macro

Sheet Menù
A1: LOTTO | B1: SCELTA /SI/NO) | C1: TIPOLOGIA AZIENDA | D1: CodModulo | E1: Macroarea | F1: Sede Avellino | G1: Sede Benevento | H1: Sede Caserta | I1: Sede Salerno | J1: Sede Napoli | K1: TITOLO STUDIO | L1: TARGETING | M1: ANNO CONSULENZA | N1: ANNI | O1: Ragione Sociale | P1: Rispondenza
A2: Lotto 1 – Area GAL Irno Cavese - Terra è Vita | B2: SI | C2: A1. Cerealicolo | D2: 1 | E2: A | F2: Avellino | G2: Benevento | H2: Caserta | I2: Salerno | J2: Napoli | K2: Master 1° livello o diploma di specializzazione | L2: Beneficiari di altre misure del PSR | M2: 2017 | N2: 0 | O2: SPA | P2: 5
A3: Lotto 2 – Area GAL Vallo di Diano | B3: NO | C3: A2. Orticolo | D3: =(D2+1) -> 2 | E3: B | K3: Dottorato di ricerca o master 2° livello | L3: Giovani agricoltori | M3: 2018 | N3: =1+N2 -> 1 | O3: SRL | P3: 3
A4: Lotto 3 – Area GAL Irpinia | C4: A3. Floricolo | D4: =(D3+1) -> 3 | E4: C | L4: Imprese che partecipano ad iniziative promosse dai G.O. della misura 16 | M4: 2019 | N4: =1+N3 -> 2 | O4: D.I. | P4: 1
A5: Lotto 4 – Area GAL Casacastra | C5: A4. Frutticolo | D5: =(D4+1) -> 4 | E5: D | L5: No | M5: 2020 | N5: =1+N4 -> 3 | O5: SCPA
A6: Lotto 5 - Area GAL Alto Casertano | C6: A5. Agrumicolo | D6: =(D5+1) -> 5 | M6: 2021 | N6: =1+N5 -> 4 | O6: SS
A7: Lotto 6 - Area GAL Taburno - GAL Area Fortore | C7: A6. Vitivinicolo | D7: =(D6+1) -> 6 | M7: 2022 | N7: =1+N6 -> 5 | O7: SnC
A8: Lotto 7 - Area GAL Alto Tammaro - GAL Titerno | C8: A7. Olivicolo | D8: =(D7+1) -> 7 | M8: 2023 | N8: =1+N7 -> 6 | O8: Sas
A9: Lotto 8 - Area GAL Cilento Regeneratio | C9: A8. Zootecnico | D9: =(D8+1) -> 8 | M9: 2024 | N9: =1+N8 -> 7 | O9: Altro
A10: Lotto 9 - Area GAL I Sentieri del Buonvivere | C10: B1. Vitivinicolo | D10: =(D9+1) -> 9 | M10: 2025 | N10: =1+N9 -> 8
A11: Lotto 10 - Area GAL Terra Protetta | C11: B2. Ortofrutticolo IV e V gamma | D11: =(D10+1) -> 10 | N11: =1+N10 -> 9
A12: Lotto 11 - Area GAL Vesuvio Verde | C12: B3. Conserviero tradizionale | D12: =(D11+1) -> 11 | N12: =1+N11 -> 10
A13: Lotto 12 - Area GAL Partenio | C13: B4. Lattiero caseario | D13: =(D12+1) -> 12 | N13: =1+N12 -> 11
A14: Lotto 13 - Area GAL Serinese Solofrana | C14: B5. Lavorazione delle carni fresche e stagionate | D14: =(D13+1) -> 13 | N14: =1+N13 -> 12
A15: Lotto 14 - Area GAL Colline Salernitane | C15: B6. Oleario | D15: =(D14+1) -> 14 | N15: =1+N14 -> 13
A16: Lotto 15 - Area GAL Irpinia Sannio - Cilsi | C16: B7. Lavorazione piante industriali | D16: =(D15+1) -> 15 | N16: =1+N15 -> 14
C17: B8. Miele | D17: =(D16+1) -> 16 | N17: =1+N16 -> 15
C18: C1. Ristorazione agrituristica e tradizionale | D18: =(D17+1) -> 17 | N18: =1+N17 -> 16
C19: C2. Accoglienza alberghiera | D19: =(D18+1) -> 18 | N19: =1+N18 -> 17
C20: C3. Accoglienza extra-alberghiera | D20: =(D19+1) -> 19 | N20: =1+N19 -> 18
C21: C4. Accoglienza agrituristica | D21: =(D20+1) -> 20 | N21: =1+N20 -> 19
C22: C5. Servizi turistici (guida, organizzazione dell’incoming, gestione di siti d’interesse, musei, etc) | D22: =(D21+1) -> 21 | N22: =1+N21 -> 20
C23: C6. Lavorazione del legno | D23: =(D22+1) -> 22 | N23: =1+N22 -> 21
C24: C7. Lavorazione della pietra | D24: =(D23+1) -> 23 | N24: =1+N23 -> 22
C25: C8. Ceramica e terracotta artistica e tradizionale | D25: =(D24+1) -> 24 | N25: =1+N24 -> 23
C26: C9. Altro | D26: =(D25+1) -> 25 | N26: =1+N25 -> 24
C27: D1. Azienda boschiva | D27: =(D26+1) -> 26 | N27: =1+N26 -> 25
C28: D2. Impresa di lavorazione e trasformazione del legno e dei suoi derivati | D28: =(D27+1) -> 27 | N28: =1+N27 -> 26
D29: =(D28+1) -> 28 | N29: =1+N28 -> 27
D30: =(D29+1) -> 29 | N30: =1+N29 -> 28
D31: =(D30+1) -> 30 | N31: =1+N30 -> 29
D32: =(D31+1) -> 31 | N32: =1+N31 -> 30
D33: =(D32+1) -> 32 | N33: =1+N32 -> 31
D34: =(D33+1) -> 33 | N34: =1+N33 -> 32
D35: =(D34+1) -> 34 | N35: =1+N34 -> 33
D36: =(D35+1) -> 35 | N36: =1+N35 -> 34
D37: =(D36+1) -> 36 | N37: =1+N36 -> 35
D38: =(D37+1) -> 37 | N38: =1+N37 -> 36
D39: =(D38+1) -> 38 | N39: =1+N38 -> 37
D40: =(D39+1) -> 39 | N40: =1+N39 -> 38
... D52: =(D51+1) -> 51 | N52: =1+N51 -> 50
D53: =(D52+1) -> 52
D54: =(D53+1) -> 53
D55: =(D54+1) -> 54
D56: =(D55+1) -> 55
D57: =(D56+1) -> 56
D58: =(D57+1) -> 57
D59: =(D58+1) -> 58
D60: =(D59+1) -> 59
D61: =(D60+1) -> 60
D62: =(D61+1) -> 61
D63: =(D62+1) -> 62
D64: =(D63+1) -> 63
... D84: =(D83+1) -> 83

Sheet Repertorio
A1: 1 | B1: =+A1+1 -> 2 | C1: =+B1+1 -> 3 | D1: =+C1+1 -> 4 | E1: =+D1+1 -> 5 | F1: =+E1+1 -> 6 | G1: =+F1+1 -> 7 | H1: =+G1+1 -> 8 | I1: =+H1+1 -> 9 | ... N1: =+M1+1 -> 14
A2: CodModulo | B2: Macro-moduli | C2: modulo | D2: tipologia | E2: contenuti | F2: ambito scheda di misura | G2: ambito decreto | H2: FA principale | I2: consulenza collettiva | J2: fabbisogno prevalente | K2: prezzo massimo ammissibile/azienda | L2: prezzo massimo attività collettiva | M2: output da rendicontare | N2: DETERMINAZIONI
A3: 1 | B3: agricoltura ecocompatibile | C3: introduzione della coltivazione di colture innovative | D3: speciale | E3: introduzione di colture innovative, con specifico riferimento alle esperienze derivate dalla misura 124 del PSR 2007-2013 e della sottomisura 16.1 azione b del PSR 2014-2020 | F3: 3, 12 | G3: H | H3: 2A | I3: collettivo | J3: F03 | K3: 1000 | L3: 20000 | M3: Relazione dettagliata su risultati economici ottenuti con documentazione fotografica attività svolte | N3: Rel. risult. econ. e doc. fotogr. attiv. svolte
A4: =(A3+1) -> 2 | B4: agricoltura ecocompatibile | C4: biomarketing | D4: speciale | E4: consulenza di marketing per gruppi di aziende certificate con metodo biologico | F4: 3, 12 | G4: C | H4: 2A | I4: collettivo | J4: F04 | K4: 1000 | L4: 20000 | M4: Piano di marketing e copia dei supporti promozionali realizzati | N4: Piano marketing e copia supp. promoz. realizzati
A5: =(A4+1) -> 3 | B5: agricoltura ecocompatibile | C5: protezione fitosanitaria delle colture con metodo biologico | D5: speciale | E5: consulenza intensiva sulla protezione delle piante coltivate con metodo biologico per una specifica coltura | F5: 1, 2, 5, 12 | G5: E | H5: 3A | J5: F07 | K5: 500 | M5: Relazione su risultati ottenuti con documentazione fotografica attività svolte | N5: Rel. risult. ottenuti e doc. fotogr. attiv. Svolte
A6: =(A5+1) -> 4 | B6: agricoltura ecocompatibile | C6: conversione aziendale all'agricoltura biologica | D6: base | E6: valutazione dell'opportunità della conversione rispetto alla situazione aziendale, familiare, del lavoro, analisi economica, informazione sulla normativa, analisi del mercato dei prodotti aziendali e relativa assistenza amministrativa | F6: 1, 2, 3, 5, 12 | G6: H | H6: 2A | J6: F07 | K6: 1000 | M6: Certificazione dell'organismo di controllo sullo status raggiunto di "impresa in conversione" | N6: Cert. org. controllo status impr. in conversione
A7: =(A6+1) -> 5 | B7: agricoltura ecocompatibile | C7: miglioramento delle performance di aziende in agricoltura biologica | D7: speciale | E7: progettazione ed esecuzione del modello operativo di agricoltura biologica in una impresa già in conversione, piano di marketing, ottimizzazione del lavoro e dei fattori di produzione aziendali | F7: 2, 3, 5, 12 | G7: C | H7: 2A | J7: F07 | K7: 1000 | M7: Relazione dettagliata su risultati economici raggiunti e piano di marketing | N7: Rel. risultati econ. raggiunti e piano marketing
A8: =(A7+1) -> 6 | B8: agricoltura ecocompatibile | C8: coltivazione con metodo biologico | D8: base | E8: gestione di una coltura specifica con metodo biologico | F8: 1, 2, 5, 12 | G8: J | H8: 2A | J8: F07 | K8: 500 | M8: Relazione dettagliata su risultati economici ottenuti con documentazione fotografica attività svolte | N8: Rel. risult. econ. e doc. fotogr. attiv. svolte
A9: =(A8+1) -> 7 | B9: agricoltura ecocompatibile | C9: trasformazione dei prodotti biologici | D9: speciale | E9: analisi swot, consulenza sulle tecnologie da applicare e sull'organizzazione aziendale (lavoro, famiglia dell'imprenditore) per l'introduzione di attività di trasfomazione dei prodotti aziendali al fine di mantenere la certificazione anche sul trasformato, assistenza nell'etichettatura. | F9: 3, 12 | G9: C | H9: 2A | J9: F07 | K9: 1500 | M9: Relazione dettagliata su risultati economici ottenuti con documentazione fotografica attività svolte; Certificazione dell'organismo di controllo sullo status raggiunto di "impresa in conversione" per il prodotto trasformato | N9: Rel e Cert status impr. in conv. per prod trasf
A10: =(A9+1) -> 8 | B10: agricoltura ecocompatibile | C10: foraggicoltura e gestione dei pascoli nelle aziende zootecniche biologiche | D10: speciale | E10: miglioramento delle attività di foraggicoltura e di gestione dei pascoli attraverso pratiche agronomiche compatibili con il metodo di agricoltura biologica | F10: 1, 2, 12 | G10: J | H10: 2A | I10: collettivo | J10: F07 | K10: 500 | L10: 10000 | M10: Relazione su risultati ottenuti con documentazione fotografica attività svolte | N10: Rel. risult. ottenuti e doc. fotogr. attiv. Svolte
A11: =(A10+1) -> 9 | B11: ambiente ed energia | C11: biodiversità | D11: speciale | E11: analisi ambientale, individuazione delle risorse di biodiversità agricola, naturale e zootecnica da conservare e sviluppare, individuazione di produzioni rispondenti ai requisiti di cui al DM 350/99 e/o a rischio di estinzione | F11: 2, 3, 11 | G11: K | H11: P4 | J11: F13 | K11: 1500 | M11: Elaborati proposti per l'inserimento nell'elenco PAT o nel registro biodiversità | N11: Elab. per ins. elenco PAT o registro biodiversità
A12: =(A11+1) -> 10 | B12: ambiente ed energia | C12: paesaggio | D12: speciale | E12: formulazione di un piano d'azione aziendale per l'inserimento di pratiche ecocompatibili e di sviluppo della biodiversità, di miglioramento del paesaggio e sviluppo di attività di integrazione del reddito legate alla salvaguardia del paesaggio e all'estensivizzazione delle colture nonché della conservazione di elementi caratterizzanti del paesaggio (laghetti, stagni, siepi, etc) | F12: 2, 3, 8, 11 | G12: K | H12: P4 | I12: collettivo | J12: F14 | K12: 1500 | L12: 30000 | M12: Elaborati relativi al piano d'azione aziendale, documentazione fotografica dettagliata prima e dopo gli interventi | N12: Elab. piano aziend. doc. fot. dett. prim/dopo int.
A13: =(A12+1) -> 11 | B13: ambiente ed energia | C13: armonizzazione delle attività agrosilvopastorali in aree protette | D13: base | E13: analisi delle attività di impresa ed introduzione di accorgimenti organizzativi e gestionali atti a superare i vincoli imposti dalle norme di salvaguardia delle aree protette (parchi nazionali, regionali, aree Natura 2000) | F13: 2, 3, 8 | G13: C | H13: P4 | I13: collettivo | J13: F14 | K13: 500 | L13: 10000 | M13: Relazione su risultati ottenuti con documentazione fotografica attività svolte | N13: Rel. risult. ottenuti e doc. fotogr. attiv. Svolte
A14: =(A13+1) -> 12 | B14: ambiente ed energia | C14: efficienza energetica | D14: speciale | E14: ottimizzare l'uso dell'energia attraverso l'analisi dei consumi per singolo processo, aumentare l'efficienza energetica attraverso adeguamenti strutturali volti al risparmio energetico, etc | F14: 2, 3 | G14: C | H14: 6A | J14: F19 | K14: 500 | M14: Relazione su risultati ottenuti con documentazione fotografica attività svolte | N14: Rel. risult. ottenuti e doc. fotogr. attiv. Svolte
A15: =(A14+1) -> 13 | B15: ambiente ed energia | C15: gestione della frazione organica dei rifiuti | D15: speciale | E15: assistenza alla gestione ed alla corretta utilizzazione del compost derivato dal compostaggio di RSU attraverso una rete di imprese (minimo 20 aziende) | F15: 8, 9, 10, 11 | G15: K | H15: 6A | I15: collettivo | J15: F23 | K15: 1000 | L15: 30000 | M15: Relazione dettagliata su soluzioni tecniche adottate, risultati economici ottenuti con documentazione fotografica attività svolte | N15: Rel sol tec adot ris econom doc fotogr att. Svolte
A16: =(A15+1) -> 14 | B16: attività di allevamento | C16: miglioramento delle performances di aziende zootecniche - gestione della riproduzione | D16: base | E16: introduzione di azioni di miglioramento della base genetica aziendale, valutazione delle prestazioni produttive riferite all'ambiente in cui opera l'impresa, e del sistema di stabulazione adottato | F16: 1, 3, 12 | G16: C | H16: 2A | J16: F03 | K16: 1000 | M16: Relazione dettagliata su risultati economici ottenuti con documentazione fotografica attività svolte | N16: Rel. risult. econ. e doc. fotogr. attiv. svolte
A17: =(A16+1) -> 15 | B17: attività di allevamento | C17: miglioramento delle performances di aziende zootecniche - gestione della alimentazione | D17: base | E17: analisi degli alimenti di origine aziendale, introduzione di tecniche colturali innovative, formulazione della razione alimentare | F17: 3, 12 | G17: C | H17: 2A | J17: F03 | K17: 1000 | M17: Formulazione della razione alimentare aziendale, corredata di analisi dei foraggi e degli alimenti di origine aziendale, per classi omogenee di animali allevati, coerente con la consistenza di stalla | N17: Raz alim analisi forag e alim orig az consist stal
A18: =(A17+1) -> 16 | B18: attività di allevamento | C18: azioni di salvaguardia dell'integrità del patrimonio zootecnico e di contrasto alle zoonosi | D18: base | E18: attività di consulenza legate a temi individuati dall'amministrazione di rilevanza strategica ai fini della salute degli animali in allevamento e della sicurezza alimentare degli alimenti di origine zootecnica | F18: 8, 12 | G18: M | H18: 3A | I18: collettivo | J18: F03 | K18: 500 | L18: non previsto | M18: Relazione sulle attività svolte corredata di documenti relativi ad eventuali farmaci e/o vaccini somministrati | N18: Rel att svolte con doc rel a farmaci e/o vacc somm
A19: =(A18+1) -> 17 | B19: attività di allevamento | C19: adeguamento delle strutture di allevamento | D19: base | E19: analisi finalizzata all'individuazione delle migliori soluzioni organizzative, strutturali, tecnologiche per adeguare e/o progettare ex novo un allevamento di bestiame moderno e competitivo | F19: 1, 3, 4, 9, 12 | G19: C | H19: 2A | J19: F03 | K19: 1500 | M19: Relazione dettagliata su risultati economici ottenuti con documentazione fotografica attività svolte | N19: Rel. risult. econ. e doc. fotogr. attiv. svolte
A20: =(A19+1) -> 18 | B20: attività di allevamento | C20: miglioramento delle performances di aziende zootecniche | D20: speciale | E20: analisi della struttura produttiva aziendale in termini di reddito, organizzazione del lavoro, produttività, disponibilità di alimenti di origine aziendale; individuazione degli obiettivi imprenditoriali , analisi swot, identificazione e valutazione delle possibili strategie di sviluppo | F20: 3, 4, 9, 12, 13 | G20: C* | H20: 3A | J20: F03 | K20: 1000 | M20: Relazione dettagliata su risultati economici ottenuti con documentazione fotografica attività svolte | N20: Rel. risult. econ. e doc. fotogr. attiv. svolte
A21: =(A20+1) -> 19 | B21: attività di allevamento | C21: trasformazione dei prodotti zootecnici - sicurezza alimentare | D21: speciale | E21: formulazione del piano di autocontrollo e del manuale HACCP | F21: 1 | G21: A | H21: 3A | J21: F03 | K21: 1500 | M21: Copia del piano di autocontrollo con SCIA sanitaria regolamente inoltrata agli uffici competenti o riconoscimento ai sensi del Regolamento 852 e 853/2004 | N21: piano autoc. SCIA sanit inol o ric Reg. 852-853/04
A22: =(A21+1) -> 20 | B22: attività di allevamento | C22: sviluppo di forme associative e di cooperazione | D22: speciale | E22: consulenza finalizzata alla costituzione, consolidamento, ampliamento della base associativa diforme aggregative delle imprese agricole ed agroalimentari | F22: 3, 12 | G22: C | H22: 3A | I22: collettivo | J22: F05 | K22: 500 | L22: 10000 | M22: Relazione dettagliata sui risultati raggiunti e copia di atto costitutivo e statuto o altro documento equivalente regolarmente registrati | N22: Rel risult/cop att cost e stat o doc equiv registr
A23: =(A22+1) -> 21 | B23: attività di allevamento | C23: trasformazione di prodotti zootecnici | D23: base | E23: introduzione dell'attività di trasformazione del latte e delle carni in relazione al disciplinare di riferimento o alle consuetudini consolidate dell'area di riferimento o all'introduzione di una innovazione introdotta dalla ricerca di settore, analisi delle metodologie di produzione dei prodotti lattieri caseari e delle carni fresche e/o conservate, elaborazione di una proposta di adeguamento tecnologico degli impianti, dell'organizzazione dei locali | F23: 3, 12 | G23: C | H23: 3A | J23: F06 | K23: 1500 | M23: Relazione dettagliata su risultati economici ottenuti, elaborati tecnici (almeno layout dell'impianto ed elenco macchinari) con documentazione fotografica attività svolte | N23: Rel/elab tecn layout imp/macc e foto att svolte
A24: =(A23+1) -> 22 | B24: attività di allevamento | C24: benessere animale | D24: base | E24: analisi della struttura di allevamento in relazione all'alimentazione, alla struttura, all'organizzazione, finalizzata al conseguimento di un sufficiente livello di benessere degli animali allevati | F24: 1, 12 | G24: L | H24: 3A | J24: F07 | K24: 1000 | M24: Relazione dettagliata su risultati ottenuti con documentazione fotografica attività svolte | N24: Relazione risultati e foto attività
A25: =(A24+1) -> 23 | B25: attività di allevamento | C25: sistemi facoltativi di certificazione del benessere animale | D25: speciale | E25: individuazione di standard di allevamento volti ad assicurare un livello di benessere animale superiore a quello previsto dalla normativa, implementazione di un sistema volontario di certificazione degli standard, azioni di comunicazione e marketing rivolti ai consumatori individuati come target | F25: 3, 12 | G25: L | H25: 2A | I25: collettivo | J25: F07 | K25: 1500 | L25: 30000 | M25: Disciplinare del sistema volontario e documenti collegati, conformi a quanto previsto dagli orientamenti dell’Unione sulle migliori pratiche riguardo ai regimi facoltativi di Certificazione per i prodotti agricoli e alimentari (GU UE N. 2010/C 341/5 del 16/12/2010); piano di comunicazione e marketing | N25: Disciplin sist volont Certif e piano comunic e mkt
A26: =(A25+1) -> 24 | B26: attività di allevamento | C26: gestione dei reflui zootecnici | D26: speciale | E26: valutazione dell'impatto della produzione di reflui dell'allevamento ed implementazione di un piano di gestione aziendale e/o collettivo | F26: 1, 9, 10, 11 | G26: K | H26: 5D | I26: collettivo | J26: F21 | K26: 1000 | L26: 20000 | M26: Relazione dettagliata sulle attività svolte ed elaborati tecnici relativi, documentazione fotografica dettagliata | N26: Relazione risultati doc tecnica e foto attività
A27: =(A26+1) -> 25 | B27: attività di allevamento | C27: tecnologie informatiche e digitali | D27: base | E27: applicazione di tecnologie informatiche e digitali nella gestione dell'impresa zootecnica | F27: 3, 12 | G27: C | H27: 3A | J27: F03 | K27: 500 | M27: Relazione dettagliata sulle attività svolte ed elaborati tecnici relativi | N27: Relazione attività ed elaborati tecnici
A28: =(A27+1) -> 26 | B28: attività forestali | C28: sicurezza del lavoro nell'impresa forestale | D28: base | E28: analisi dei processi produttivi aziendali, individuazione dei rischi connessi alle attività lavorative per la sicurezza dei lavoratori e delle misure di contenimento del rischio | F28: 6 | G28: F | H28: 2A | J28: F04 | K28: 1000 | M28: Relazione sulle attività svolte e DVR dell'impresa | N28: Relazione attività e DVR dell'impresa
A29: =(A28+1) -> 27 | B29: attività forestali | C29: sviluppo di forme associative e di cooperazione | D29: speciale | E29: consulenza finalizzata alla costituzione, consolidamento, ampliamento della base associativa di forme aggregative delle imprese forestali e della filiera del legno e dei prodotti cellulosici | F29: 3, 12 | G29: C | H29: 3A | I29: collettivo | J29: F05 | K29: 500 | L29: 10000 | M29: Relazione dettagliata sui risultati raggiunti e copia di atto costitutivo e statuto o altro documento equivalente regolarmente registrati | N29: Rel risult/cop att cost e stat o doc equiv registr
A30: =(A29+1) -> 28 | B30: attività forestali | C30: creazione di filiere certificate (catene di custodia) | D30: speciale | E30: creazione di associazioni e/o consorzi fra aziende della filiera del legno che afferiscano ad uno stesso sistema di certificazione della gestione forestale, compresi studi ed azioni di marketing | F30: 3, 12 | G30: C | H30: 6A | I30: collettivo | J30: F06 | K30: 1500 | L30: 30000 | M30: Certificazione dell'organismo di controllo secondo i sistemi PEFC e FSC | N30: Certificazione secondo i sistemi PEFC e FSC
A31: =(A30+1) -> 29 | B31: attività forestali | C31: stima e valutazione danni | D31: speciale | E31: stima e valutazione dei danni arrecati da calamità naturali, fauna selvatica, dissesto idrogeologico | F31: 8, 10 | G31: I | H31: P4 | J31: F11 | K31: 500 | M31: Relazione di stima dei danni e documentazione relativa al danno subito | N31: Relazione stima danni e doc danno subito
A32: =(A31+1) -> 30 | B32: attività forestali | C32: prevenzione dei danni | D32: base | E32: consulenza finalizzata all'adozione di misure di prevenzione di eventuali danni arrecati da calamità naturali, fauna selvatica | F32: 8, 10 | G32: I | H32: P4 | J32: F11 | K32: 500 | M32: Relazione dettagliata sulle attività svolte ed elaborati tecnici relativi | N32: Relazione attività ed elaborati tecnici
A33: =(A32+1) -> 31 | B33: attività forestali | C33: prevenzione dei danni | D33: speciale | E33: consulenza finalizzata all'adozione di misure di prevenzione di eventuali danni arrecati da dissesto idrogeologico | F33: 8, 10 | G33: I | H33: P4 | J33: F11 | K33: 1500 | M33: Relazione dettagliata sulle attività svolte ed elaborati tecnici relativi | N33: Relazione attività ed elaborati tecnici
A34: =(A33+1) -> 32 | B34: attività forestali | C34: gestione delle biomasse derivati dall'attività di taglio delle aree forestali | D34: speciale | E34: introduzione di tecniche innovative per il reimpiego dei residui derivanti dall'attività di taglio delle superfici forestali e delle successive lavorazioni | F34: 1, 4 | G34: B | H34: P4 | I34: collettivo | J34: F12 | K34: 1000 | L34: 20000 | M34: Relazione dettagliata sulle attività svolte ed elaborati tecnici relativi, documentazione fotografica dettagliata | N34: Relazione risultati doc tecnica e foto attività
A35: =(A34+1) -> 33 | B35: attività forestali | C35: raccolta e gestione dei materiali di moltiplicazione forestali | D35: speciale | E35: Gestione ottimale della raccolta dei materiali di moltiplicazione ai sensi del D.lvo 386/2003 e del Regolamento Regione Campania n.5/2010 emanato con DPGR n.36 del 29/11/2016 | F35: 8, 11 | G35: K | H35: P4 | J35: F13 | K35: 1000 | M35: Relazione dettagliata sulle attività svolte ed elaborati tecnici relativi, documentazione fotografica dettagliata | N35: Relazione risultati doc tecnica e foto attività
A36: =(A35+1) -> 34 | B36: attività forestali | C36: fuoco prescritto | D36: speciale | E36: tecniche per la corretta applicazione del fuoco prescritto ai sensi della L.R. 20/2016 | F36: 8 | G36: I | H36: P4 | J36: F15 | K36: 1000 | M36: Relazione dettagliata sulle attività svolte ed elaborati tecnici relativi, documentazione fotografica dettagliata | N36: Relazione risultati doc tecnica e foto attività
A37: =(A36+1) -> 35 | B37: attività forestali | C37: prevenzione e contrasto al fenomeno incendi boschivi | D37: base | E37: tecniche e strumenti utili per prevenire e contrastare il fenomeno degli incendi boschivi | F37: 8 | G37: I | H37: P4 | J37: F15 | K37: 1000 | M37: Relazione dettagliata sulle attività svolte ed elaborati tecnici relativi, documentazione fotografica dettagliata | N37: Relazione risultati doc tecnica e foto attività
A38: =(A37+1) -> 36 | B38: attività forestali | C38: prevenzione del dissesto idrogeologico | D38: base | E38: analisi dell'equilibrio idrogeologico di superfici agricole e forestali | F38: 8 | G38: I | H38: P4 | I38: collettivo | J38: F18 | K38: 1500 | L38: 15000 | M38: Relazione dettagliata sulle attività svolte ed elaborati tecnici relativi, documentazione fotografica dettagliata | N38: Relazione risultati doc tecnica e foto attività
A39: =(A38+1) -> 37 | B39: attività forestali | C39: ingegneria naturalistica | D39: speciale | E39: progettazione di interventi di ingegneria naturalistica ai sensi della normativa vigente ai fini della prevenzione del dissesto idrogeologico nelle aree forestali | F39: 8 | G39: I | H39: P4 | J39: F18 | K39: 1000 | M39: Relazione dettagliata sulle attività svolte ed elaborati tecnici relativi, documentazione fotografica dettagliata | N39: Relazione risultati doc tecnica e foto attività
A40: =(A39+1) -> 38 | B40: attività forestali | C40: gestione forestale ecosostenibile | D40: speciale | E40: Gestione delle foreste secondo i principi della gestione forestale ecosostenibile | F40: 3, 8, 11 | G40: K | H40: 5E | J40: F21 | K40: 1500 | M40: Certificazione dell'organismo di controllo secondo i sistemi PEFC e FSC | N40: Certificazione secondo i sistemi PEFC e FSC
A41: =(A40+1) -> 39 | B41: attività forestali | C41: programmazione e pianificazione delle attività forestali | D41: speciale | E41: applicazione del piano di gestione in una data superficie boschiva; progettazione di tagli boschivi | F41: 8 | G41: K | H41: 5E | J41: F21 | K41: 1000 | M41: Relazione dettagliata sulle attività svolte ed elaborati tecnici relativi, documentazione fotografica dettagliata | N41: Relazione risultati doc tecnica e foto attività
A42: =(A41+1) -> 40 | B42: attività forestali | C42: attività di produzione nei vivai forestali | D42: base | E42: applicazione di tecniche innovative di produzione di piantine nei vivai forestali. Metodi di conservazione della biodiversità forestale. | F42: 8, 11 | G42: K | H42: 5E | J42: F21 | K42: 1000 | M42: Relazione dettagliata sulle attività svolte ed elaborati tecnici relativi, documentazione fotografica dettagliata | N42: Relazione risultati doc tecnica e foto attività
A43: =(A42+1) -> 41 | B43: attività forestali | C43: Attività connesse ai funghi e tartufi | D43: speciale | E43: sviluppo di filiere locali legate alla raccolta, conservazione e commercializzazione di funghi e tartufi | F43: 3, 12 | G43: H | H43: 6A | I43: collettivo | J43: F22 | K43: 1000 | L43: 20000 | M43: Relazione dettagliata su risultati economici ottenuti con documentazione fotografica attività svolte | N43: Rel. risult. econ. e doc. fotogr. attiv. svolte
A44: =(A43+1) -> 42 | B44: attività forestali | C44: sistemi di certificazione della gestione forestale | D44: speciale | E44: applicazione di standard di gestione forestale secondo modelli certificati (FSC, PEFC) | F44: 3, 12 | G44: K | H44: 5C | I44: collettivo | J44: F22 | K44: 1500 | L44: 15000 | M44: Certificazione dell'organismo di controllo secondo i sistemi PEFC e FSC | N44: Certificazione secondo i sistemi PEFC e FSC
A45: =(A44+1) -> 43 | B45: attività forestali | C45: tecnologie informatiche e digitali | D45: base | E45: applicazione di tecnologie informatiche e digitali nella gestione dell'impresa forestale | F45: 3, 12 | G45: C | H45: 3A | J45: F03 | K45: 500 | M45: Relazione dettagliata sulle attività svolte ed elaborati tecnici relativi | N45: Relazione attività ed elaborati tecnici
A46: =(A45+1) -> 44 | B46: controllo di gestione e sviluppo dell'impresa agricola | C46: valutazione delle attività d'impresa | D46: speciale | E46: assistenza alla gestione dell'impresa, analisi economica delle performances e ottimizzazione economica delle risorse aziendali | F46: 1, 3, 7, 12, 13 | G46: C* | H46: 2A | J46: F03 | K46: 500 | M46: Relazione dettagliata su risultati economici ottenuti con documentazione fotografica attività svolte | N46: Rel. risult. econ. e doc. fotogr. attiv. svolte
A47: =(A46+1) -> 45 | B47: controllo di gestione e sviluppo dell'impresa agricola | C47: valutazione dell'introduzione di una nuova attività produttiva nell'ambito dell'ordinamento produttivo aziendale | D47: speciale | E47: analisi di forza e debolezza, confronto con imprese analoghe, valutazione finanziaria delle attività ed ottimizzazione, benchmarking | F47: 1, 3, 12 | G47: C | H47: 2A | J47: F04 | K47: 1000 | M47: Relazione dettagliata sulle attività svolte ed elaborati tecnici relativi | N47: Relazione attività ed elaborati tecnici
A48: =(A47+1) -> 46 | B48: controllo di gestione e sviluppo dell'impresa agricola | C48: organizzazione dell'impresa | D48: base | E48: miglioramento delle condizioni di lavoro ed ottimizzazione del ciclo produttivo; organizzazione del lavoro e dei fattori produttivi aziendali | F48: 6, 12 | G48: C | H48: 2A | J48: F04 | K48: 500 | M48: Relazione dettagliata sulle attività svolte | N48: Relazione dettagliata sulle attività svolte
A49: =(A48+1) -> 47 | B49: controllo di gestione e sviluppo dell'impresa agricola | C49: elaborazione di un piano di sviluppo aziendale | D49: speciale | E49: valutazione delle opportunità di sviluppo dell'impresa e stesura di un piano di sviluppo operativo, attrraverso la valutazione della disponibilità di manodopera, struttura aziendale, della composizione del nucleo familiare dell'imprenditore, del reddito retraibile | F49: 3, 7, 12, 13 | G49: C* | H49: 2A | J49: F04 | K49: 1500 | M49: Relazione dettagliata sulle attività svolte ed elaborati tecnici relativi (piano di sviluppo aziendale) | N49: Relazione attività/piano di sviluppo aziendale
A50: =(A49+1) -> 48 | B50: controllo di gestione e sviluppo dell'impresa agricola | C50: sicurezza del lavoro nell'impresa agricola | D50: base | E50: analisi dei processi produttivi aziendali, individuazione dei rischi connessi alle attività lavorative per la sicurezza dei lavoratori e delle misure di contenimento del rischio | F50: 6 | G50: F | H50: 2A | J50: F04 | K50: 1500 | M50: Relazione sulle attività svolte e DVR dell'impresa | N50: Relazione attività e DVR dell'impresa
A51: =(A50+1) -> 49 | B51: controllo di gestione e sviluppo dell'impresa agricola | C51: elaborazione di un piano di sviluppo aziendale finalizzato all'accesso al credito | D51: speciale | E51: valutazione delle opportunità di accesso al credito finalizzato allo sviluppo dell'impresa e predisposizione documentazione amministrativa | F51: 3, 7, 12, 13 | G51: C* | H51: 2A | J51: F10 | K51: 500 | M51: Documentazione relativa all'effettivo accesso al credito dell'istituto bancario prescelto | N51: Doc effettivo accesso credito istit bancario
A52: =(A51+1) -> 50 | B52: diversificazione e multifunzionalità | C52: introduzione di forme di integrazione del reddito e multifunzionalità | D52: base | E52: valutazione delle potenzialità della famiglia dell'imprenditore e della struttura aziendale, analisi dei punti di forza/debolezza - opportunità/rischi del progetto, valutazione del mercato attuale e relativi adempimenti amministrativi | F52: 3, 7, 12, 13 | G52: H* | H52: 6A | J52: F04 | K52: 1000 | M52: Elaborati tecnici ed amministrativi relativi all'avvio dell'attività agrituristica | N52: Elab tec/ammin per avvio attiv agrituristica
A53: =(A52+1) -> 51 | B53: diversificazione e multifunzionalità | C53: sviluppo di forme di diversificazione | D53: speciale | E53: ottimizzazione ed ulteriore sviluppo di attività di diversificazione del reddito aziendale già in essere, valutazione delle performances e del mercato potenziale, sviluppo di azioni di marketing | F53: 3, 12 | G53: H | H53: 6A | J53: F04 | K53: 1500 | M53: Relazione dettagliata su risultati economici ottenuti con documentazione fotografica attività svolte, piano di marketing | N53: Rel ris econ foto att svolte piano marketing
A54: =(A53+1) -> 52 | B54: diversificazione e multifunzionalità | C54: creazione di reti locali di accoglienza | D54: speciale | E54: creazione di associazioni e/o consorzi fra aziende agrituristiche, dei servizi al turismo, della ristorazione tipica, dei servizi ambientali, della produzione e del commercio agroalimentare, dell'artigianato artistico e dell'incoming al fine di creare un sistema integrato di accoglienza in un dato territorio | F54: 3, 12 | G54: H | H54: 3A | I54: collettivo | J54: F06 | K54: 1000 | L54: 30000 | M54: Relazione dettagliata sui risultati raggiunti e copia di atto costitutivo e statuto o altro documento equivalente regolarmente registrati | N54: Rel risult/cop att cost e stat o doc equiv registr
A55: =(A54+1) -> 53 | B55: diversificazione e multifunzionalità | C55: introduzione di attività di vendita diretta | D55: base | E55: valutazione del mercato attuale e potenziale, adeguamento strutturale ed organizzativo, sviluppo di strumenti di merchandising, promozione e progettazione spazi destinati alla vendita | F55: 3, 12 | G55: C | H55: 3A | J55: F06 | K55: 500 | M55: Relazione dettagliata su risultati economici ottenuti con documentazione fotografica attività svolte, piano di marketing | N55: Rel ris econ foto att svolte piano marketing
A56: =(A55+1) -> 54 | B56: diversificazione e multifunzionalità | C56: valutazione ex ante di attività di investimento nel campo della vendita diretta | D56: speciale | E56: valutazione di azioni volte a migliorare le capacità operative ed economiche dell'impresa, valutazione della qualità dell'offerta aziendale e dell'adattamento al mercato, prioritariamente alle imprese avviatesi negli ultimi cinque anni | F56: 3, 12, 13 | G56: H* | H56: 2B | I56: collettivo | J56: F09 | K56: 1000 | L56: 20000 | M56: Relazione dettagliata su risultati economici ottenuti con documentazione fotografica attività svolte | N56: Rel. risult. econ. e doc. fotogr. attiv. svolte
A57: =(A56+1) -> 55 | B57: diversificazione e multifunzionalità | C57: produzione di biogas e di energie alternative ed ecocompatibili | D57: speciale | E57: valutazione della convenienza dell'introduzione dell'attività di produzione di biogas e di elettricità con metodi ecocompatibili oltre il fabbisogno aziendale | F57: 3, 12 | G57: H | H57: 5C | I57: collettivo | J57: F20 | K57: 1000 | L57: 20000 | M57: Relazione dettagliata su risultati economici ottenibili con documentazione fotografica attività svolte | N57: Relazione ris econo e foto attività svolte
A58: =(A57+1) -> 56 | B58: diversificazione e multifunzionalità | C58: tecnologie informatiche e digitali | D58: base | E58: applicazione di tecnologie informatiche e digitali nella gestione delle PMI operanti nelle aree rurali, nei campi del turismo, della ristorazione tipica, del commercio dei prodotti tipici, dei servizi ambientali, dell'artigianato artistico | F58: 3, 12 | G58: C | H58: 3A | J58: F03 | K58: 500 | M58: Relazione dettagliata sulle attività svolte ed elaborati tecnici relativi | N58: Relazione attività ed elaborati tecnici
A59: =(A58+1) -> 57 | B59: produzione agricola | C59: stima e valutazione danni | D59: base | E59: stima e valutazione dei danni arrecati da calamità naturali, fauna selvatica, | F59: 8, 10 | G59: I | H59: P4 | J59: F11 | K59: 500 | M59: Relazione di stima dei danni e documentazione relativa al danno subito | N59: Relazione stima danni e doc danno subito
A60: =(A59+1) -> 58 | B60: produzione agricola | C60: stima e valutazione danni | D60: speciale | E60: stima e valutazione dei danni arrecati dal dissesto idrogeologico | F60: 8, 10 | G60: I | H60: P4 | J60: F11 | K60: 1500 | M60: Relazione di stima dei danni e documentazione relativa al danno subito | N60: Relazione stima danni e doc danno subito
A61: =(A60+1) -> 59 | B61: produzione agricola | C61: prevenzione dei danni | D61: speciale | E61: consulenza finalizzata all'adozione di misure di prevenzione di eventuali danni arrecati da calamità naturali, fauna selvatica, dissesto idrogeologico | F61: 8, 10 | G61: I | H61: P4 | J61: F11 | K61: 1000 | M61: Relazione dettagliata sulle attività svolte ed elaborati tecnici relativi | N61: Relazione attività ed elaborati tecnici
A62: =(A61+1) -> 60 | B62: produzione agricola | C62: gestione delle acque di vegetazione dei frantoi oleari | D62: speicale | E62: diffusione di tecniche innovative di trattamento delle acque di vegetazione derivanti dall'attività di lavorazione delle olive | F62: 1, 4 | G62: D | H62: P4 | I62: collettivo | J62: F12 | K62: 1000 | L62: 20000 | M62: Relazione dettagliata sulle attività svolte ed elaborati tecnici relativi, documentazione fotografica dettagliata | N62: Relazione risultati doc tecnica e foto attività
A63: =(A62+1) -> 61 | B63: produzione agricola | C63: ottimizzazione tecnologica | D63: base | E63: analisi del fabbisogno di meccanizzazione dell'impresa agricola, valutazione del parco macchine esistente, studio dell'introduzione di nuove tecnologie a basso impatto aziendale e ad alta efficienza operativa | F63: 3, 12 | G63: C | H63: 2A | J63: F03 | K63: 500 | M63: Relazione dettagliata sulle attività svolte | N63: Relazione dettagliata sulle attività svolte
A64: =(A63+1) -> 62 | B64: produzione agricola | C64: trasformazione dei prodotti vegetali - sicurezza alimentare | D64: speciale | E64: formulazione del piano di autocontrollo e del manuale HACCP | F64: 1 | G64: A | H64: 3A | J64: F03 | K64: 1500 | M64: Copia del piano di autocontrollo con SCIA sanitaria regolamente inoltrata agli uffici competenti o riconoscimento ai sensi del Regolamento 852/2004 | N64: Piano autocontr SCIA inoltr/riconoscim Reg852/05
A65: =(A64+1) -> 63 | B65: produzione agricola | C65: emergenze fitopatologiche | D65: base | E65: consulenza sulle modalità di lotta e prevenzione delle fitopatie a lotta obbligatoria | F65: 8 | G65: I | H65: 2A | I65: collettivo | J65: F03 | K65: 500 | L65: non previsto | M65: Relazione sulle attività svolte corredata di documenti relativi ad eventuali fitofarmaci e/o altri presidi adoperati | N65: Rel con doc eventuali fitofarmaci e/o altri presid
A66: =(A65+1) -> 64 | B66: produzione agricola | C66: consulenza specifica di comparto | D66: base | E66: introduzione di moderne tecniche di coltivazione riferite ad una specifica coltura, almeno con metodo integrato | F66: 2, 3, 5, 12, 13 | G66: C* | H66: 2A | I66: collettivo | J66: F04 | K66: 500 | L66: 10000 | M66: Relazione dettagliata su risultati economici ottenuti con documentazione fotografica attività svolte | N66: Rel. risult. econ. e doc. fotogr. attiv. svolte
A67: =(A66+1) -> 65 | B67: produzione agricola | C67: viticoltura - produzione dell'uva | D67: base | E67: gestione del vigneto, scelta del vitigno, del portainnesto, della forma di allevamento, con riferimento al disciplinare di riferimento o alle consuetudini consolidate dell'area di riferimento o all'introduzione di una innovazione introdotta dalla ricerca di settore | F67: 1, 5, 12 | G67: C | H67: 2A | J67: F04 | K67: 500 | M67: Relazione dettagliata su risultati economici ottenuti con documentazione fotografica attività svolte | N67: Rel. risult. econ. e doc. fotogr. attiv. svolte
A68: =(A67+1) -> 66 | B68: produzione agricola | C68: viticoltura - cantina ed invecchiamento | D68: speciale | E68: introduzione della trasformazione dell'uva in relazione al disciplinare di riferimento o alle consuetudini consolidate dell'area di riferimento o all'introduzione di una innovazione introdotta dalla ricerca di settore, | F68: 3, 12 | G68: C | H68: 2A | J68: F04 | K68: 1500 | M68: Relazione dettagliata su risultati economici ottenuti, elaborati tecnici (almeno layout dell'impianto ed elenco macchinari) con documentazione fotografica attività svolte | N68: Rel/elab tecn layout imp/macc e foto att svolte
A69: =(A68+1) -> 67 | B69: produzione agricola | C69: olivicoltura - produzione delle olive | D69: base | E69: gestione dell'oliveto, scelta della varietà, della forma di allevamento, con riferimento al disciplinare di riferimento o alle consuetudini consolidate dell'area di riferimento o all'introduzione di una innovazione introdotta dalla ricerca di settore, analisi delle metodologie di vinificazione ed elaborazione di una proposta di adeguamento tecnologico degli impianti, dell'organizzazione dei locali | F69: 1, 5, 12 | G69: C | H69: 2A | J69: F04 | K69: 500 | M69: Relazione dettagliata su risultati economici ottenuti con documentazione fotografica attività svolte | N69: Rel. risult. econ. e doc. fotogr. attiv. svolte
A70: =(A69+1) -> 68 | B70: produzione agricola | C70: olivicoltura - produzione dell'olio | D70: speciale | E70: introduzione dell'attività di frantoio in relazione al disciplinare di riferimento o alle consuetudini consolidate dell'area di riferimento o all'introduzione di una innovazione introdotta dalla ricerca di settore, analisi delle metodologie di produzione dell'olio ed elaborazione di una proposta di adeguamento tecnologico degli impianti, dell'organizzazione dei locali | F70: 3, 12 | G70: C | H70: 2A | J70: F04 | K70: 1500 | M70: Relazione dettagliata su risultati economici ottenuti, elaborati tecnici (almeno layout dell'impianto ed elenco macchinari) con documentazione fotografica attività svolte | N70: Rel/elab tecn layout imp/macc e foto att svolte
A71: =(A70+1) -> 69 | B71: produzione agricola | C71: sviluppo di forme associative e di cooperazione | D71: base | E71: consulenza finalizzata alla costituzione, consolidamento, ampliamento della base associativa diforme aggregative delle imprese zootecniche ed agroalimentari | F71: 3, 12 | G71: C | H71: 3A | I71: collettivo | J71: F05 | K71: 500 | L71: 10000 | M71: Relazione dettagliata sui risultati raggiunti e copia di atto costitutivo e statuto o altro documento equivalente regolarmente registrati | N71: Rel risult/cop att cost e stat o doc equiv registr
A72: =(A71+1) -> 70 | B72: produzione agricola | C72: irrigazione e fertirrigazione | D72: base | E72: analisi del bilancio idrico aziendale, introduzione di forme di risparmio del corpo idrico e riduzione dei concimi chimici, di metodi di coltivazione e di impianti di irrigazione e fertirrigazione a basso consumo ed alta efficienza | F72: 4, 9, 10 | G72: K | H72: 5A | J72: F16 | K72: 1000 | M72: Relazione dettagliata sulle attività svolte e relativa documentazione fotografica | N72: Relazione attività svolte e doc fotografica
A73: =(A72+1) -> 71 | B73: produzione agricola | C73: foraggicoltura | D73: base | E73: gestione dei pascoli, della foraggicoltura e metodiche di conservazione dei foraggi e dei fieni, dei calendari di taglio, dei mix delle essenze da seminare | F73: 1, 2, 4, 9 | G73: B | H73: P4 | J73: F17 | K73: 1000 | M73: Relazione dettagliata sulle attività svolte e relativa documentazione fotografica | N73: Relazione attività svolte e doc fotografica
A74: =(A73+1) -> 72 | B74: produzione agricola | C74: gestione dei pascoli estensivi e delle aree sottoposte alle attività di cui all'art 43 commi 2 e 3 del Reg. 1307/13 | D74: speciale | E74: gestione delle attività di conservazione dei pascoli e delle aree di interesse ecologico e quelle gestite con criteri di salvaguardia del paesaggio, mitigazione dei cambiamenti climatici, della tutela del suolo e delle acque, della biodiversità | F74: 1, 2, 4, 9, 11 | G74: K | H74: P4 | J74: F17 | K74: 1500 | M74: Relazione dettagliata sulle attività svolte e relativa documentazione fotografica | N74: Relazione attività svolte e doc fotografica
A75: =(A74+1) -> 73 | B75: produzione agricola | C75: tecnologie informatiche e digitali | D75: base | E75: applicazione di tecnologie informatiche e digitali nella gestione dell'impresa agricola | F75: 3, 12 | G75: C | H75: 3A | J75: F03 | K75: 500 | M75: Relazione dettagliata sulle attività svolte ed elaborati tecnici relativi | N75: Relazione attività ed elaborati tecnici
A76: =(A75+1) -> 74 | B76: sistemi di qualità | C76: creazione di consorzi di tutela | D76: speciale | E76: creazione di consorzi fra aziende produttrici di prodotti a denominazione, così come previsto dalla Legge 21 dicembre 1999 n. 526 | F76: 3, 12 | G76: C | H76: 3A | I76: collettivo | J76: F05 | K76: 1000 | L76: 15000 | M76: Relazione dettagliata sui risultati raggiunti e copia di atto costitutivo e statuto o altro documento equivalente regolarmente registrati, copia documentazione inoltrata al MiPAAF per il riconosimento | N76: Rel ris att cost stat altro registr doc ric MiPAAF
A77: =(A76+1) -> 75 | B77: sistemi di qualità | C77: sistemi di qualità - Reg. 1151 | D77: speciale | E77: introduzione di sistemi di qualità certificata ai sensi del Reg. 1151/12, elaborazione di un disciplinare, nota storica, elaborazione del marchio - logo | F77: 3, 12 | G77: C | H77: 3A | I77: collettivo | J77: F07 | K77: 1500 | L77: 15000 | M77: Disciplinare del sistema volontario e documenti collegati, conformi a quanto previsto dal regolamento 1151/12, regolarmente inoltrati al MiPAAF per il riconoscimento | N77: Disciplinare e docum collegati, doc ric MiPAAF
A78: =(A77+1) -> 76 | B78: sistemi di qualità | C78: garanzia della qualità e qualità certificata | D78: base | E78: introduzione di sistemi di qualità certificata e valutazione dell'osservanza delle prescrizioni normative su determinati comparti | F78: 3, 12 | G78: C | H78: 3A | I78: collettivo | J78: F07 | K78: 1500 | L78: 15000 | M78: Disciplinare del sistema volontario e documenti collegati, conformi a quanto previsto dagli orientamenti dell’Unione sulle migliori pratiche riguardo ai regimi facoltativi di Certificazione per i prodotti agricoli e alimentari (GU UE N. 2010/C 341/5 del 16/12/2010) | N78: Disc doc prodot agr/alim(GU UE2010/C 341/5 16/10)
A79: =(A78+1) -> 77 | B79: sistemi di qualità | C79: certificazione EMAS - ISO 14001 | D79: speciale | E79: attività propedeutica alla certificazione EMAS o ISO 14001 | F79: 2, 5, 12 | G79: B | H79: 3A | J79: F07 | K79: 1500 | M79: Certificazione dell'organismo di controllo secondo i sistemi EMAS o ISO 14001 | N79: Certificazione EMAS o ISO 14002
A80: 78 | B80: pacchetto anti COVID | C80: 1cov-Adeguamento della struttura aziendale e dei processi produttivi ai fini della sicurezza dei consumatori | D80: speciale | E80: Adeguamento dei piani di autocontrollo aziendale ai fini dell'osservanza delle norme di prevenzione anti COVID | F80: 1 | G80: A | H80: 2B | J80: F09 | K80: 1500 | M80: Copia del piano di autocontrollo con SCIA sanitaria regolarmente inoltrata agli uffici competenti o riconoscimento ai sensi del Reg.852/2004 | N80: Piano autocontr SCIA inoltr/riconoscim Reg852/05
A81: 79 | B81: pacchetto anti COVID | C81: 2cov-Adeguamento della struttura aziendale e dei processi produttivi ai fini della sicurezza dei lavoratori | D81: base | E81: Adozione di misure di riorganizzazione della struttura produttiva aziendale per il miglioramento delle condizioni di lavoro degli operatori | F81: 6, 12 | G81: C | H81: 2B | J81: F09 | K81: 1000 | M81: Relazione dettagliata sulle attività svolte | N81: Relazione dettagliata sulle attività svolte
A82: 80 | B82: pacchetto anti COVID | C82: 3cov-Adozione di misure di contenimento del rischio e di osservanza delle norme di prevenzione anti COVID | D82: base | E82: Analisi dei processi produttivi aziendali, individuazione dei rischi connessi alle attività lavorative per la sicurezza dei lavoratori e delle misure di contenimento del rischio | F82: 6 | G82: F | H82: 2B | J82: F09 | K82: 1000 | M82: Relazione dettagliata sulle attività svolte | N82: Relazione dettagliata sulle attività svolte
A83: 81 | B83: pacchetto anti COVID | C83: 4cov-Riorientamento del sistema di vendita dell'impresa a seguito delle mutate caratteristiche del mercato di riferimento | D83: speciale | E83: Consulenza di marketing per l'individuazione di mercati regionali, nazionali che tengano conto dei mutamenti indotti dall'epidemia COVID 19 | F83: 3, 12 | G83: C | H83: 2B | J83: F09 | K83: 1000 | M83: Piano di marketing e copia dei supporti promozionali realizzati | N83: Piano marketing e copia supp. promoz. Realizzati
A84: 82 | B84: pacchetto anti COVID | C84: 5cov-Riorientamento del sistema di vendita dell'impresa a seguito delle mutate caratteristiche del mercato di riferimento | D84: speciale | E84: Consulenza di marketing per l'individuazione di mercati esteri che tengano conto dei mutamenti indotti dall'epidemia COVID 19 | F84: 3, 12 | G84: C | H84: 2B | J84: F09 | K84: 1500 | M84: Piano di marketing e copia dei supporti promozionali realizzati | N84: Piano marketing e copia supp. promoz. Realizzati
A85: 83 | B85: pacchetto anti COVID | C85: 6cov-Elaborazione di un piano di riorganizzazione aziendale finalizzato all'accesso al credito | D85: speciale | E85: Valutazione delle opportunità di accesso al credito finalizzato all'adeguamento della struttura dell'impresa a seguito delle norme di prevenzione anti COVID e predisposizione documentazione amministrativa | F85: 3, 7, 12, 13 | G85: C | H85: 2B | I85: collettivo | J85: F10 | K85: 1000 | L85: 20000 | M85: Documentazione relativa all'effettivo accesso al credito dell'istituto bancario prescelto | N85: Doc effettivo accesso credito istit bancario
